 Dungeon Crawl Stone Soup version 0.28-a0-1087-gf3fc490d9d (webtiles) character file.

Game seed: 5888647698673836338

2 ducksouse the Vexing (level 1, -1/15 HPs)
             Began as a Formicid Arcane Marksman on Dec 11, 2021.
             Slain by a quokka (4 damage)
             ... on level 1 of the Dungeon.
             The game lasted 00:01:38 (112 turns).

ducksouse the Vexing (Formicid Arcane Marksman)      Turns: 112, Time: 00:01:39

Health: -1/15      AC:  2    Str: 14    XL:     1   Next: 44%
Magic:  2/2        EV: 12    Int: 12    God:
Gold:   13         SH:  0    Dex: 11    Spells: 1/2 levels left

rFire   . . .      SeeInvis +   a - +0 hunting sling
rCold   . . .      Faith    .   (no shield)
rNeg    . . .      Spirit   .   d - +0 robe
rPois   .          Reflect  .   (helmet unavailable)
rElec   .          Harm     .   (no cloak)
rCorr   .          Rampage  .   (no gloves)
Will    .....                   (no boots)
Stlth   +.........              (no amulet)
HPRegen 0.05/turn               (no ring)
MPRegen 0.08/turn               (no ring)

@: no status effects
A: permanent stasis, dig shafts and tunnels, antennae 3, four strong arms
a: Dig, Shaft Self


You were on level 1 of the Dungeon.
You visited 1 branch of the dungeon, and saw 1 of its levels.

You collected 13 gold pieces.

Inventory:

Hand Weapons
 a - a +0 hunting sling (weapon)
Missiles
 c - 17 sling bullets (quivered ammo)
Armour
 d - a +0 robe (worn)
Jewellery
 e - a ring of protection from cold
Scrolls
 b - a scroll of fear {unknown}


   Skills:
 + Level 1.1 Fighting
 + Level 2.3 Slings
 + Level 1.8 Dodging
 + Level 1.1 Spellcasting
 + Level 3.7 Hexes


You had one spell level left.
You knew the following spells:

 Your Spells              Type           Power      Damage    Failure   Level
a - Slow                  Hex            36%        N/A       7%          1

Your spell library contained the following spells:

 Spells                   Type           Power      Damage    Failure   Level
 Inner Flame              Hex/Fire       5%         N/A       38%         3
 Portal Projectile        Hex/Tloc       10%        N/A       38%         3
 Cause Fear               Hex            4%         N/A       54%         4


Dungeon Overview and Level Annotations

Branches:
Dungeon (1/15)

Altars:


Innate Abilities, Weirdness & Mutations

You cannot be hasted, slowed, berserked, paralysed or teleported.
You can dig through walls and to a lower floor.
You have a pair of large antennae on your head. (SInv)
Your four strong arms can wield two-handed weapons with a shield.


Message History

Your magical contamination has completely faded away.
A ball python comes into view.
Found a bronze ring.
The ball python closely misses you. The ball python barely misses you.
The ball python barely misses you. The ball python closely misses you.
The ball python bites you. The ball python misses you.
You shoot a sling bullet. The sling bullet hits the ball python.
You kill the ball python!
c - 19 sling bullets (gained 1)
You see here a ball python corpse.
A rat comes into view.
You see here a ring of protection from cold.
You shoot a sling bullet. The sling bullet hits the rat.
You kill the rat!
e - a ring of protection from cold
c - 19 sling bullets (gained 1)
A quokka comes into view.
The quokka twitches its whiskers.
A bat and a kobold come into view.
The kobold shouts!
A goblin comes into view. It is wielding a +0 dagger.
The bat moves out of view.
The goblin shouts!
A ball python comes into view.
You shoot a sling bullet.
The sling bullet hits the quokka but does no damage.
A goblin comes into view. It is wielding a +0 dagger.
Found 17 stones.
Found 13 gold pieces.
The quokka bites you.
You shoot a sling bullet.
The sling bullet barely misses the quokka.
The sling bullet barely misses the kobold.
The quokka bites you. The quokka closely misses you.
A jackal comes into view.
You are too injured to fight recklessly!
The quokka bites you.
* * * LOW HITPOINT WARNING * * *
The quokka bites you.
You die...

.# ..## ... ###
##.####### ###
...##...##...##....
...................
..........K........
.....h...gr@.......
..........S....(...
..(..(..........$..
#.#.#...##...##....
........###### .##
#.#.##..### #.## ..
##...## #.# #.
#.#..####.# g
#.##..#....


You could see a quokka, a jackal (wandering), a goblin, a ball python and a
kobold.

Vanquished Creatures
  A giant cockroach (D:1)
  A ball python (D:1)
  A rat (D:1)
3 creatures vanquished.

Notes
Turn   | Place    | Note
-------+----------+-------------------------------------------
     0 | D:1      | ducksouse the Formicid Arcane Marksman began the quest for
                  | the Orb.
     0 | D:1      | Reached XP level 1. HP: 15/15 MP: 2/2
   112 | D:1      | Slain by a quokka

Illustrated notes

Levels and vault maps discovered:
D:1:      minmay_arrival_jagged, layout_rooms, st_stairs_10,
          minmay_misc_feat_cross

Action                   || total
-------------------------++-------
 Fire: Hunting sling     ||     6
Armor: Robe              ||     1
Dodge: Dodged            ||     7

Table legend: (Time is in decaauts)
 A = Elapsed time spent in this place.
 B = Non-inter-level travel time spent in this place.
 C = Inter-level travel time spent in this place.
 D = Time resting spent in this place.
 E = Time spent auto-exploring this place.
 F = Levels seen in this place.
 G = Mean time per level.
                   A        B        C        D        E       F      G
               +--------+--------+--------+--------+--------+-----+--------+
         Total |    112 |    112 |      0 |      0 |      0 |   1 |  112.0 |
       Dungeon |    112 |    112 |      0 |      0 |      0 |   1 |  112.0 |
               +--------+--------+--------+--------+--------+-----+--------+

Top non-repeatable levels by time:
     D:1: 112 daAuts
